 Dungeon Crawl Stone Soup version 0.14.0-26-g1682e81 (console) character file.

216 5ubbak the Insei (level 4, -2/29 HPs)
             Began as an Octopode Transmuter on Apr 25, 2014.
             Slain by a water moccasin (4 damage)
             ... on Level 3 of the Dungeon.
             The game lasted 00:08:39 (2307 turns).

5ubbak the Insei (Octopode Transmuter)              Turns: 2307, Time: 00:08:40

HP  -2/29        AC  1     Str  9      XL: 4   Next: 24%
MP   7/7         EV 13     Int 15      God:
Gold 145         SH  0     Dex 13      Spells:  3 memorised,  1 level left

rFire  . . .     SeeInvis .       - Unarmed
rCold  . . .     Clarity  .     (no shield)
rNeg   . . .     Conserve .     (helmet restricted)
rPois  .         rCorr    .     (no amulet)
rElec  .         rRot     .     (no ring)
SustAb . .       Spirit   .     (no ring)
rMut   .         Warding  .     (no ring)
Saprov . . .     Stasis   .     (no ring)
MR     .....                    (no ring)
                                (no ring)
                                (no ring)
                                (no ring)

@: appendage (expiring), confused, very slightly contaminated, not resistant to
hostile enchantments, fairly stealthy
A: almost no armour, amphibious, 8 rings, constrict 8, tentacle spike 3,
camouflage 1, gelatinous body 1
a: End Transformation


You were on level 3 of the Dungeon.
You were not hungry.
One of your tentacles had a temporary spike.
You visited 1 branch of the dungeon, and saw 3 of its levels.

You collected 145 gold pieces.

Inventory:

Missiles
 b - 12 arrows
Comestibles
 a - 3 bread rations
 h - a meat ration
 j - a sausage
 t - a chunk of bat flesh
Scrolls
 e - 3 scrolls of remove curse {unknown}
 f - a scroll of enchant weapon II
 g - a scroll of identify
 m - 2 scrolls of amnesia
 n - 2 scrolls of noise
Potions
 k - a potion of haste {unknown}
 p - a potion of mutation {unknown}
 r - a potion of confusion
 s - a potion of brilliance {unknown}
Books
 d - a book of Changes

   Spells                             Type                      Level
   *Beastly Appendage                 Transmutation                1
   *Sticks to Snakes                  Transmutation                2
   *Spider Form                       Transmutation/Poison         3
   Ice Form                           Ice/Transmutation            4
   Blade Hands                        Transmutation                5


   Skills:
 + Level 1.7 Fighting
 + Level 2.7 Dodging
 - Level 1.5 Stealth
 * Level 3.3 Unarmed Combat
 + Level 2.2 Spellcasting
 * Level 2.5 Transmutations
 + Level 0.2 Poison Magic


You had one spell level left.
You knew the following spells:

 Your Spells              Type           Power        Failure   Level  Hunger
a - Beastly Appendage     Trmt           #.....       10%         1    #......
b - Sticks to Snakes      Trmt           #.........   12%         2    ###....
c - Spider Form           Trmt/Pois      #.........   43%         3    ####...


Dungeon Overview and Level Annotations

Branches:
Dungeon (3/15)

Altars:


Innate Abilities, Weirdness & Mutations

You cannot wear most types of armour.
You are amphibious.
You can wear up to eight rings at the same time.*
You can use your tentacles to constrict many enemies at once.*
Your skin changes colour to match your surroundings (Stlth).*
Your rubbery body absorbs attacks (AC +1).*
One of your tentacles bears a large vicious spike.*


Message History

You are lethally poisoned!
The water moccasin poisons you!
Drink which item? (? for menu, Esc to quit)
You feel better. The water moccasin barely misses you.
The adder is engulfed in noxious fumes.
The adder appears confused.
The adder closely misses the water moccasin.
Your transformation is almost over.
The adder is engulfed in noxious fumes.
The adder appears confused.
The adder is engulfed in noxious fumes.
The adder appears confused.
The water moccasin bites you!
* * * LOW HITPOINT WARNING * * *
You aren't carrying any items that can be evoked.
Drink which item? (? for menu, Esc to quit)
You are confused.
It was a potion of confusion.
The adder is engulfed in noxious fumes.
The adder appears confused.
The water moccasin closely misses you.
Drink which item? (? for menu, Esc to quit)
Magic courses through your body.
It was a potion of magic.
The water moccasin bites you.
You die...

#..#.#..# #......(.
#.......#####..
#...............
#......§# #....##§#
#.###....##§#####
............§§...#
....#..@S<.§#...###
#.##..§§........
....#....S..########
.........##.#
.........##.#
#....##....# .....
...... #### ......
...#....


You could see a water moccasin (inner flame) and an adder (inner flame).

Vanquished Creatures
  Terence (D:2)
  An adder (D:3)
  3 giant geckos
  An ooze (D:2)
  A giant cockroach (D:3)
  6 hobgoblins
  10 jackals
  8 kobolds
  4 bats
  2 giant newts (D:1)
  3 goblins (D:1)
  3 quokkas (D:2)
  2 rats (D:1)
45 creatures vanquished.

Notes
Turn   | Place    | Note
--------------------------------------------------------------
     0 | D:1      | 5ubbak, the Octopode Transmuter, began the quest for the Orb.
     0 | D:1      | Reached XP level 1. HP: 13/13 MP: 3/3
   201 | D:1      | Reached XP level 2. HP: 8/18 MP: 4/4
   517 | D:1      | Reached skill level 1 in Stealth
   882 | D:1      | Reached XP level 3. HP: 23/23 MP: 6/6
  1008 | D:1      | Learned a level 2 spell: Sticks to Snakes
  1012 | D:1      | Learned a level 3 spell: Spider Form
  1359 | D:2      | Noticed Terence
  2029 | D:2      | Killed Terence
  2029 | D:2      | Reached XP level 4. HP: 24/28 MP: 4/7
  2289 | D:3      | Noticed a water moccasin
  2305 | D:3      | HP: 1/29 [water moccasin (10)]
  2307 | D:3      | Slain by a water moccasin

Action                   |  1- 3 |  4- 6 || total
-------------------------+-------+-------++-------
Melee: Unarmed           |    86 |    13 ||    99
 Cast: Beastly Appendage |    17 |     3 ||    20
       Spider Form       |     1 |       ||     1
  Use: Potion            |     1 |     4 ||     5
       Scroll            |       |     4 ||     4
 Stab: Sleeping          |     7 |       ||     7
